 Dungeon Crawl Stone Soup version 0.29.1-13-g9f3cf754e1 (webtiles) character file.

Game seed: 18084508597681752124

104 booth the Grasshopper (level 4, -2/23 HPs)
             Began as a Spriggan Warper on Jan 29, 2023.
             Constricted to death by Ijyb (4 damage)
             ... on level 3 of the Dungeon.
             The game lasted 00:29:53 (4135 turns).

booth the Grasshopper (Spriggan Warper)             Turns: 4135, Time: 00:29:53

Health: -2/23      AC:  2    Str:  7    XL:     4   Next: 52%
Magic:  18/18      EV: 15    Int: 20    God:
Gold:   197        SH:  0    Dex: 13    Spells: 2/9 levels left

rFire   . . .      SeeInvis +   h - +3 short sword of Courage {drain, rPois MP+9 Int+6 Dex-3}
rCold   + + .      Faith    .   (no shield)
rNeg    . . .      Spirit   .   i - +0 robe {rC+}
rPois   +          Reflect  .   (helmet restricted)
rElec   .          Harm     .   (no cloak)
rCorr   .          Rampage  .   (gloves unavailable)
Will    .....                   (boots unavailable)
Stlth   ++........              (no amulet)
HPRegen 0.07/turn               j - ring of protection from cold
MPRegen 0.16/turn               (no ring)

@: lethally poisoned (-2 -> -5), grasped by roots, constricted, very quick
A: very small, no large weapons, unfitting armour, see invisible, speed 3
a: no special abilities


You were on level 3 of the Dungeon.
You visited 1 branch of the dungeon, and saw 3 of its levels.

You collected 197 gold pieces.

Inventory:

Hand Weapons
 a - a +0 hand axe
 d - a +1 dagger of venom
 h - the +3 short sword of Courage (weapon) {drain, rPois MP+9 Int+6 Dex-3}
   (You found it on level 2 of the Dungeon)

   A truly terrible weapon, it drains the life of any living foe it strikes.
   Int:       It affects your intelligence (+6).
   Dex:       It affects your dexterity (-3).
   rPois:     It protects you from poison.
   MP:        It affects your magic capacity (+9).
Missiles
 m - 11 stones (quivered)
Armour
 b - a +0 robe
 i - a +0 robe of cold resistance (worn)
 o - a +2 robe of willpower
Jewellery
 j - a ring of protection from cold (left hand)
Scrolls
 c - 2 scrolls of blinking
 l - a scroll of enchant armour {unknown}
 p - a scroll of summoning {unknown}
Potions
 e - 4 potions of curing
 f - a potion of might {unknown}
 g - a potion of cancellation {unknown}
 k - a potion of degeneration {unknown}
 n - a potion of attraction {unknown}


   Skills:
 + Level 1.9 Fighting
 * Level 1.6 Short Blades
 + Level 1.9 Axes
 - Level 1.1 Throwing
 + Level 4.2 Dodging
 * Level 2.1 Stealth
 + Level 3.0 Spellcasting
 + Level 5.2 Translocations


You had 2 spell levels left.
You knew the following spells:

 Your Spells              Type           Power      Damage    Failure   Level
a - Blink                 Tloc           46%        N/A       2%          2
b - Apportation           Tloc           46%        N/A       1%          1
c - Teleport Other        Tloc           23%        N/A       4%          3
d - Summon Small Mammal   Summ           12%        N/A       14%         1

Your spell library contained the following spells:

 Spells                   Type           Power      Damage    Failure   Level
 Necrotise                Necr           12%        1d4       14%         1
 Gell's Gravitas          Tloc           23%        N/A       4%          3
 Lesser Beckoning         Tloc           23%        N/A       4%          3
 Manifold Assault         Tloc           23%        N/A       43%         5


Dungeon Overview and Level Annotations

Branches:
Dungeon (3/15)

Altars:

Annotations:
D:2 Sigmund
D:3 Ijyb


Innate Abilities, Weirdness & Mutations

You are very small and have problems with some larger weapons.
You are too small for most types of armour.
You have supernaturally acute eyesight. (SInv)
You cover ground extremely quickly. (Speed+++)


Message History

Found an escape hatch in the ceiling.
Ijyb the Twisted Goblin comes into view.
She is wielding a +2 dagger of venom and carrying a wand of roots (8).
Ijyb shouts!
Ijyb misses you.
You hit Ijyb but do no damage.
Ijyb zaps a wand.
The roots erupt in riotous growth!
The grasping roots grab you!
Ijyb is unaffected.
The grasping roots constrict you.
You hear a shout!
You closely miss Ijyb.
Ijyb screams, "Me very upset!"
Ijyb hits you with a +2 dagger of venom.
The grasping roots constrict you.
The grasping roots release their grip on you.
You hit Ijyb.
Ijyb is lightly wounded.
Ijyb screams, "You nasty!
Big nasty!"
Ijyb misses you.
You miss Ijyb.
Ijyb is lightly wounded.
Ijyb hits you with a +2 dagger of venom.
You are poisoned.
You barely miss Ijyb.
Ijyb is lightly wounded.
You feel sick. Ijyb closely misses you.
You hit Ijyb.
Ijyb is lightly wounded.
You feel sick. Ijyb misses you.
You hit Ijyb but do no damage.
Ijyb is lightly wounded.
You feel sick.
Ijyb zaps a wand.
The roots erupt in riotous growth!
The grasping roots grab you!
Ijyb is unaffected.
The grasping roots constrict you.
You hit Ijyb but do no damage.
Ijyb is lightly wounded.
You feel sick.
Ijyb hits you with a +2 dagger of venom.
* * * LOW HITPOINT WARNING * * *
The grasping roots constrict you.
You die...

...# #....#............#.# #.
##.# #....#....###.....#.# #.
...####....#....###.....# # ##.
......#....+.....##.....# #..
......#....##.##.#......#######..
#.....'...#......#.....#.........
#.#...###.#####..#.....#.#####...
#.#...# .# #.g#........# #...
..#...# .. #.@#..####..# #...
####... ... #......# #..####...
....+ ... ##.....# #.........
..... ..# ####.## #.....##.. #
#.#### ##.. .####.##.. ....
..##.. ....# # ##.. ....# #..
...< #.###..


You could see Ijyb.

Vanquished Creatures
  Jessica (D:3)
  3 adders (D:2)
  2 worms (D:2)
  6 endoplasms
  4 giant cockroaches
  2 goblins
  5 hobgoblins
  3 kobolds
  A quokka (D:2)
  5 ball pythons (D:1)
  5 bats
  4 frilled lizards
  4 rats
45 creatures vanquished.

Notes
Turn   | Place    | Note
-------+----------+-------------------------------------------
     0 | D:1      | booth the Spriggan Warper began the quest for the Orb.
     0 | D:1      | Reached XP level 1. HP: 10/10 MP: 5/5
  1124 | D:1      | Reached skill level 5 in Translocations
  1124 | D:1      | Reached XP level 2. HP: 12/14 MP: 6/6
  1127 | D:1      | Learned a level 2 spell: Blink
  1792 | D:1      | Found a faded altar of an unknown god.
  2152 | D:2      | Identified the +3 short sword of Courage {drain, rPois MP+9
                  | Int+6 Dex-3}
  2174 | D:2      | Learned a level 1 spell: Apportation
  2392 | D:2      | Reached XP level 3. HP: 15/18 MP: 8/8
  2467 | D:2      | Reached skill level 1 in Stealth
  2836 | D:2      | Noticed Sigmund
  2935 | D:2      | Reached skill level 1 in Short Blades
  2935 | D:2      | Reached XP level 4. HP: 3/23 MP: 9/9
  3339 | D:2      | Learned a level 3 spell: Teleport Other
  3341 | D:2      | Learned a level 1 spell: Summon Small Mammal
  3883 | D:3      | Noticed Jessica
  3901 | D:3      | Killed Jessica
  4126 | D:3      | Noticed Ijyb
  4135 | D:3      | Constricted to death by Ijyb

Illustrated notes

Levels and vault maps discovered:
D:1:      roderic_dead_forest, layout_basic, dilly_ecumenical_altar_fadedgnrine
D:2:      layout_loops_ring, dreamdust_wishing_well, minmay_increasing_density,
          uniq_sigmund
D:3:      layout_basic, uniq_pargi, uniq_ijyb, uniq_jessica

Skill      XL: |  1  2  3  4 |
---------------+-------------+-----
Translocations | 5 |  5.2
Stealth        | 1 2 |  2.1
Dodging        | 4 |  4.2
Short Blades   | 1 |  1.6
Spellcasting   | 3 |  3.0
Fighting       | |  1.9
Axes           | |  1.9
Throwing       | |  1.1

Action                   |  1- 3 |  4- 6 || total
-------------------------+-------+-------++-------
Melee: Hand axe          |    68 |       ||    68
       Dagger            |    14 |       ||    14
       Short sword       |    53 |    30 ||    83
Throw: Boomerang         |     7 |       ||     7
       Stone             |     2 |       ||     2
 Cast: Blink             |       |     1 ||     1
  Use: Scroll            |     5 |       ||     5
       Potion            |     2 |       ||     2
 Stab: Sleeping          |     1 |     2 ||     3
Armor: Robe              |    16 |     2 ||    18
Dodge: Dodged            |   108 |    18 ||   126
